 Dungeon Crawl Stone Soup version 0.28-a0-834-g1a73be5ee4 (webtiles) character file.

Game seed: 627235806054840539

1 ders the Covert (level 1, -2/23 HPs)
             Began as a Gnoll Delver on Nov 11, 2021.
             Slain by a dart slug (3 damage)
             ... on level 2 of the Dungeon.
             The game lasted 00:01:38 (230 turns).

ders the Covert (Gnoll Delver)                       Turns: 230, Time: 00:01:38

Health: -2/23      AC:  3    Str: 11    XL:     1   Next: 20%
Magic:  1/1        EV: 13    Int:  9    God:
Gold:   16         SH:  0    Dex: 13    Spells: 0/0 levels left

rFire   . . .      SeeInvis .   a - +0 hand axe
rCold   . . .      Faith    .   (no shield)
rNeg    . . .      Spirit   .   b - +0 leather armour
rPois   .          Reflect  .   (no helmet)
rElec   .          Harm     .   (no cloak)
rCorr   .          Rampage  .   (no gloves)
Will    .....                   (no boots)
Stlth   ++++......              (no amulet)
HPRegen 0.07/turn               (no ring)
MPRegen 0.07/turn               (no ring)

@: no status effects
A: fangs 1, strong nose, distributed training
a: no special abilities


You were on level 2 of the Dungeon.
You visited 1 branch of the dungeon, and saw 4 of its levels.

You collected 16 gold pieces.

Inventory:

Hand Weapons
 a - a +0 hand axe (weapon)
Armour
 b - a +0 leather armour (worn)
Wands
 g - a wand of digging (3)
Scrolls
 c - a scroll of fog
 e - a scroll of fear


   Skills:
 + Level 6.4 Fighting
 + Level 0.0 Short Blades
 + Level 0.0 Long Blades
 + Level 4.4 Axes
 + Level 0.0 Maces & Flails
 + Level 0.0 Polearms
 + Level 0.0 Staves
 + Level 0.0 Slings
 + Level 0.0 Bows
 + Level 0.0 Crossbows
 + Level 0.0 Throwing
 + Level 0.0 Armour
 + Level 4.4 Dodging
 + Level 9.5 Stealth
 + Level 0.0 Shields
 + Level 0.0 Unarmed Combat
 + Level 0.0 Spellcasting
 + Level 0.0 Conjurations
 + Level 0.0 Hexes
 + Level 0.0 Summonings
 + Level 0.0 Necromancy
 + Level 0.0 Translocations
 + Level 0.0 Transmutations
 + Level 0.0 Fire Magic
 + Level 0.0 Ice Magic
 + Level 0.0 Air Magic
 + Level 0.0 Earth Magic
 + Level 0.0 Poison Magic
 + Level 0.0 Invocations
 + Level 0.0 Evocations


You couldn't memorise any spells.
You didn't know any spells.
Your spell library was empty.

Dungeon Overview and Level Annotations

Branches:
Dungeon (5/15)
 Temple: D:4-7

Altars:

Annotations:
D:5 Edmund


Innate Abilities, Weirdness & Mutations

You have very sharp teeth.
Your uncanny sense of smell can sniff out nearby items.
Your experience applies equally to all skills.


Message History

You feel yourself speed up. The ball python barely misses you.
The ball python constricts you.
* * * LOW HITPOINT WARNING * * *
The hobgoblin hits you.
* * * LOW HITPOINT WARNING * * *
The ball python's grasp on you weakens, but your attempt to escape fails.
The ball python barely misses you. The ball python constricts you.
* * * LOW HITPOINT WARNING * * *
You escape the ball python's grasp.
The hobgoblin closely misses you. The hobgoblin misses you.
The hobgoblin closely misses you.
The goblin shoots a stone.
The stone hits you but does no damage.
The goblin unwields a +0 hunting sling.
The goblin wields a +0 club.
The goblin hits you but does no damage.
You closely miss the goblin. The goblin misses you. The hobgoblin misses you.
You see here a +0 ring mail.
You barely miss the kobold. You bite the kobold, but do no damage.
You hit the goblin.
You kill the goblin!
You hit the hobgoblin. The kobold hits you with a +0 dagger.
* * * LOW HITPOINT WARNING * * *
The ball python barely misses you. x2
You see here 5 gold pieces.
An endoplasm comes into view.
There is a stone staircase leading down here.
Your extra speed is starting to run out.
Found 4 gold pieces.
You now have 12 gold pieces (gained 4).
You feel yourself slow down.
You now have 16 gold pieces (gained 4).
A dart slug comes into view.
The dart slug launches a dart at you. The slug dart hits you.
* * * LOW HITPOINT WARNING * * *
You hit the dart slug.
You bite the dart slug, but do no damage.
The dart slug is moderately wounded.
The dart slug bites you.
You die...

##.######.....######..###..#####
#.# #####..######.:...## #.#
##....# ####### #.#
####.############## #.#
#............... #.*
########........ *,*
##......######.
***,*****##########..###### **
,,,,,,,,<......w@...##
,,,,,,,,*############ ,,,,,,,,*
,,<,,,,,* *********


You could see a dart slug.

Vanquished Creatures
  A goblin (D:2)
1 creature vanquished.

Notes
Turn   | Place    | Note
-------+----------+-------------------------------------------
     0 | D:5      | Reached skill level 9 in Stealth
     0 | D:5      | ders the Gnoll Delver began the quest for the Orb.
     0 | D:5      | Reached XP level 1. HP: 23/23 MP: 1/1
    20 | D:5      | Noticed Edmund
   228 | D:2      | HP: 1/23 [dart slug/slug dart (5)]
   230 | D:2      | Slain by a dart slug

Illustrated notes

Levels and vault maps discovered:
D:2:      layout_rooms
D:3:      layout_rooms, serial_shops, shop
D:4:      layout_basic, mainiacjoe_overflow_paths,
          mainiacjoe_overflow_boulevard,
          mainiacjoe_overflow_concentric_impassable,
          mainiacjoe_overflow_big_doors
D:5:      layout_layer_cave, kiku_gazebo_pond_becter,
          mainiacjoe_overflow_tiny_flanked, uniq_edmund

Skill      XL: | |
---------------+-+-----
Stealth        | |  9.5
Fighting       | |  6.4
Axes           | |  4.4
Dodging        | |  4.4

Action                   || total
-------------------------++-------
Melee: Hand axe          ||     4
       Bite              ||     2
  Use: Scroll            ||     1
       Potion            ||     1
Armor: Leather armour    ||     8
Dodge: Dodged            ||    26

Table legend: (Time is in decaauts)
 A = Elapsed time spent in this place.
 B = Non-inter-level travel time spent in this place.
 C = Inter-level travel time spent in this place.
 D = Time resting spent in this place.
 E = Time spent auto-exploring this place.
 F = Levels seen in this place.
 G = Mean time per level.
                   A        B        C        D        E       F      G
               +--------+--------+--------+--------+--------+-----+--------+
         Total |    210 |    153 |     57 |      0 |      0 |   4 |   52.5 |
       Dungeon |    210 |    153 |     57 |      0 |      0 |   4 |   52.5 |
               +--------+--------+--------+--------+--------+-----+--------+

Top non-repeatable levels by time:
     D:2: 152 daAuts
     D:5: 26 daAuts
     D:3: 22 daAuts
     D:4: 8 daAuts
